 Dungeon Crawl Stone Soup version 0.24.1-8-ga250c9d538 (webtiles) character file.

Game seed: 2133016973774262666, levelgen mode: deterministic

842053 Gruesph the Impregnable (level 27, -11/293 HPs)
             Began as a Deep Dwarf Fighter on May 8, 2020.
             Was a High Priest of Makhleb.
             Killed from afar by Asmodeus (41 damage)
             ... with damnation
             ... on level 7 of Gehenna on May 9, 2020.
             The game lasted 05:27:21 (64654 turns).

Gruesph the Impregnable (Deep Dwarf Fighter)       Turns: 64654, Time: 05:27:22

Health: -11/293    AC: 60    Str: 36    XL:     27
Magic:  20/20      EV: 35    Int:  9    God:    Makhleb [*****.]
Gold:   4657       SH: 40    Dex: 19    Spells: 26/26 levels left

rFire    + + +     SeeInvis +   a - +8 mithril axe "Arga" {speed, MR+}
rCold    + . .     Gourm    .   V - +4 large shield "Pibbay" {rPois rC- MR+ Str+6}
rNeg     + . .     Faith    .   b - +7 crystal plate armour "Kilal" {rElec rF+++ Int-3 SInv}
rPois    +         Spirit   .   E - +0 helmet of Oha Loj {rC++}
rElec    +         Reflect  +   u - +2 cloak {MR+}
rCorr    .         Harm     .   v - +1 pair of gloves of Uskayaw's Condemnation {MR+}
MR       +++++                  t - +2 pair of boots {run}
Stlth    ..........             I - brooch of Shielding {Reflect SH+8}
HPRegen  0.00/turn              X - +5 ring of evasion
MPRegen  0.17/turn              B - +6 ring of protection

@: agile, non-regenerating, quick
A: damage resistance, heal wounds, rugged brown scales 1, thin metallic scales
1, agile 1, negative energy resistance 1, sense surroundings 3, poison
resistance, wild magic 1, evolution 1, no regeneration
}: 7/15 runes: barnacled, slimy, silver, iron, icy, abyssal, gossamer
a: Heal Wounds, Minor Destruction, Lesser Servant of Makhleb, Major Destruction,
Greater Servant of Makhleb, Renounce Religion


You were on level 7 of Gehenna.
You worshipped Makhleb.
Makhleb was extremely pleased with you.
You were not hungry.

You visited 14 branches of the dungeon, and saw 72 of its levels.
You visited the Abyss 2 times.
You visited 1 bazaar.
You also visited: Gauntlet and Volcano.

You collected 8034 gold pieces.
You spent 3377 gold pieces at shops.

Inventory:

Hand Weapons
 a - the +8 mithril axe "Arga" (weapon) {speed, MR+}
   (You bought it in a shop on level 5 of the Dungeon)

   Attacks with this weapon are significantly faster.
   It affects your resistance to hostile enchantments.
Missiles
 D - 3 throwing nets (quivered)
Armour
 b - the +7 crystal plate armour "Kilal" (worn) {rElec rF+++ Int-3 SInv}
   (You found it on level 1 of the Depths)

   It affects your intelligence (-3).
   It renders you almost immune to fire.
   It insulates you from electricity.
   It lets you see invisible.
 t - a +2 pair of boots of running (worn)
 u - a +2 cloak of magic resistance (worn)
 v - the +1 pair of gloves of Uskayaw's Condemnation (worn) {MR+}
   (You found it in a Gauntlet)

   It affects your resistance to hostile enchantments.
 E - the +0 helmet of Oha Loj (worn) {rC++}
   (You found it in a Gauntlet)

   It greatly protects you from cold.
 V - the +4 large shield "Pibbay" (worn) {rPois rC- MR+ Str+6}
   (You acquired it on level 5 of the Lair of Beasts)

   It affects your strength (+6).
   It makes you vulnerable to cold.
   It protects you from poison.
   It affects your resistance to hostile enchantments.
Jewellery
 m - an uncursed ring of resist corrosion
 B - a +6 ring of protection (right hand)
 I - the brooch of Shielding (around neck) {Reflect SH+8}
   (You found it on level 7 of the Iron City of Dis)

   [amulet of reflection]

   It shields you and reflects attacks.
   It affects your SH (+8).
 X - a +5 ring of evasion (left hand)
Wands
 A - a wand of digging (9)
 C - a wand of clouds (3)
 G - a wand of acid (15)
 H - a wand of paralysis (21)
 J - a wand of disintegration (33)
 N - a wand of iceblast (50)
 P - a wand of scattershot (7)
Scrolls
 e - 8 scrolls of magic mapping
 i - 16 scrolls of identify
 k - 24 scrolls of teleportation
 r - 31 scrolls of remove curse
 x - 4 scrolls of fear
 z - 8 scrolls of enchant armour
 L - 4 scrolls of blinking
 M - 4 scrolls of holy word
 O - 4 scrolls of fog
 W - 3 scrolls of vulnerability
 Z - 2 scrolls of summoning
Potions
 c - 18 potions of curing
 d - 6 potions of might
 h - 2 potions of heal wounds
 l - 6 potions of mutation
 n - 4 potions of agility
 p - a potion of resistance
 q - 6 potions of lignification
 s - 8 potions of flight
 w - 4 potions of invisibility
 F - a potion of ambrosia
 R - 9 potions of haste
 U - 5 potions of berserk rage
 Y - 5 potions of cancellation
Miscellaneous
 j - the horn of Geryon
 o - a phial of floods
 K - a lamp of fire
 S - a lightning rod (4/4)
Comestibles
 f - 86 rations


   Skills:
 + Level 24.2 Fighting
 - Level 18.0 Axes
 + Level 26.9 Armour
 + Level 23.6 Dodging
 - Level 25.0 Shields
 - Level 15.0 Invocations
 - Level 10.0 Evocations


You had 26 spell levels left.
You didn't know any spells.
Your spell library contained the following spells:

 Spells                   Type           Power        Failure   Level  Hunger
 Animate Skeleton         Necr           N/A          90%         1    ##.....
 Apportation              Tloc           #.....       90%         1    ##.....
 Beastly Appendage        Tmut           #.....       90%         1    ##.....
 Confusing Touch          Hex            #.....       90%         1    ##.....
 Corona                   Hex            #......      90%         1    ##.....
 Flame Tongue             Conj/Fire      #....        90%         1    ##.....
 Freeze                   Ice            #...         90%         1    ##.....
 Infusion                 Chrm           #...         90%         1    ##.....
 Magic Dart               Conj           #...         90%         1    ##.....
 Pain                     Necr           #...         90%         1    ##.....
 Sandblast                Erth           #.....       90%         1    ##.....
 Shock                    Conj/Air       #...         90%         1    ##.....
 Summon Butterflies       Summ           #.......     90%         1    ##.....
 Summon Small Mammal      Summ           #...         90%         1    ##.....
 Blink                    Tloc           N/A          96%         2    ###....
 Call Imp                 Summ           #.......     96%         2    ###....
 Ensorcelled Hibernation  Hex/Ice        #.....       96%         2    ###....
 Passwall                 Tmut/Erth      #.......     96%         2    ###....
 Poisonous Vapours        Pois/Air       #.....       96%         2    ###....
 Shroud of Golubria       Chrm/Tloc      #.....       96%         2    ###....
 Slow                     Hex            #.......     96%         2    ###....
 Song of Slaying          Chrm           #.......     96%         2    ###....
 Sticks to Snakes         Tmut           #.......     96%         2    ###....
 Swiftness                Chrm/Air       #.......     96%         2    ###....
 Throw Flame              Conj/Fire      #.....       96%         2    ###....
 Throw Frost              Conj/Ice       #.....       96%         2    ###....
 Call Canine Familiar     Summ           #.......     99%         3    ####...
 Confuse                  Hex            #.......     99%         3    ####...
 Conjure Flame            Conj/Fire      #.......     99%         3    ####...
 Gell's Gravitas          Tloc           #.........   99%         3    ####...
 Ignite Poison            Fire/Tmut/Pois #.......     99%         3    ####...
 Inner Flame              Hex/Fire       #.......     99%         3    ####...
 Mephitic Cloud           Conj/Pois/Air  #.......     99%         3    ####...
 Portal Projectile        Hex/Tloc       #.....       99%         3    ####...
 Recall                   Summ/Tloc      N/A          99%         3    ####...
 Spectral Weapon          Hex/Chrm       #.......     99%         3    ####...
 Spider Form              Tmut/Pois      #.........   99%         3    ####...
 Static Discharge         Conj/Air       #.......     99%         3    ####...
 Stone Arrow              Conj/Erth      #.....       99%         3    ####...
 Summon Guardian Golem    Hex/Summ       #.......     99%         3    ####...
 Airstrike                Air            #.........   100%        4    #####..
 Cause Fear               Hex            #.........   100%        4    #####..
 Force Lance              Conj/Tloc      #.......     100%        4    #####..
 Ice Form                 Ice/Tmut       #.......     100%        4    #####..
 Leda's Liquefaction      Hex/Erth       #.........   100%        4    #####..
 Petrify                  Tmut/Erth      #.......     100%        4    #####..
 Sticky Flame             Conj/Fire      #.......     100%        4    #####..
 Summon Ice Beast         Ice/Summ       #.......     100%        4    #####..
 Summon Lightning Spire   Summ/Air       #.......     100%        4    #####..
 Throw Icicle             Conj/Ice       #.......     100%        4    #####..
 Aura of Abjuration       Summ           #.........   100%        5    ######.
 Blade Hands              Tmut           #.........   100%        5    ######.
 Bolt of Magma            Conj/Fire/Erth #.........   100%        5    ######.
 Borgnjor's Vile Clutch   Necr/Erth      #.........   100%        5    ######.
 Dispel Undead            Necr           #.......     100%        5    ######.
 Excruciating Wounds      Chrm/Necr      #.........   100%        5    ######.
 Fireball                 Conj/Fire      #.........   100%        5    ######.
 Irradiate                Conj/Tmut      #.........   100%        5    ######.
 Iskenderun's Battlesphe  Conj/Chrm      #.......     100%        5    ######.
 Lee's Rapid Deconstruct  Erth           #.........   100%        5    ######.
 Lightning Bolt           Conj/Air       #.........   100%        5    ######.
 Metabolic Englaciation   Hex/Ice        #.........   100%        5    ######.
 Silence                  Hex/Air        #.........   100%        5    ######.
 Summon Demon             Summ           #.........   100%        5    ######.
 Summon Forest            Summ/Tloc      #.........   100%        5    ######.
 Summon Mana Viper        Hex/Summ       #.......     100%        5    ######.
 Venom Bolt               Conj/Pois      #.........   100%        5    ######.
 Yara's Violent Unravell  Hex/Tmut       #.........   100%        5    ######.
 Bolt of Cold             Conj/Ice       #.........   100%        6    #######
 Bolt of Fire             Conj/Fire      #.........   100%        6    #######
 Darkness                 Hex            #.........   100%        6    #######
 Dispersal                Tloc           #.........   100%        6    #######
 Freezing Cloud           Conj/Ice/Air   #.........   100%        6    #######
 Hydra Form               Tmut           #.........   100%        6    #######
 Invisibility             Hex            #.......     100%        6    #######
 Iron Shot                Conj/Erth      #.........   100%        6    #######
 Ozocubu's Refrigeration  Ice            #.........   100%        6    #######
 Shadow Creatures         Summ           N/A          100%        6    #######
 Simulacrum               Ice/Necr       #.........   100%        6    #######
 Statue Form              Tmut/Erth      #........    100%        6    #######
 Dragon Form              Tmut           #.........   100%        7    #######
 Haunt                    Necr/Summ      #.........   100%        7    #######
 Orb of Destruction       Conj           #.........   100%        7    #######
 Ring of Flames           Chrm/Fire      #.........   100%        7    #######
 Spellforged Servitor     Conj/Summ      #.........   100%        7    #######
 Borgnjor's Revivificati  Necr           #.........   100%        8    #######
 Controlled Blink         Tloc           N/A          100%        8    #######
 Death's Door             Chrm/Necr      #.........   100%        8    #######
 Disjunction              Tloc           #.........   100%        8    #######
 Ignition                 Fire           #.........   100%        8    #######
 Infestation              Necr           #.........   100%        8    #######
 Necromutation            Tmut/Necr      #.........   100%        8    #######
 Shatter                  Erth           #.........   100%        9    #######
 Regeneration             Chrm/Necr      Unusable     N/A         3    N/A

Dungeon Overview and Level Annotations

Branches:
Dungeon (15/15)            Temple (1/1) D:7            Lair (6/6) D:9
 Shoals (4/4) Lair:2       Spider (4/4) Lair:4        Slime (5/5) Lair:5
    Orc (2/2) D:10            Elf (3/3) Orc:2        Vaults (5/5) D:13
  Crypt (0/3) Vaults:3     Depths (5/5) D:15           Hell (visited)
    Dis (7/7) Hell            Geh (7/7) Hell            Coc (7/7) Hell
    Tar (0/7) Hell            Zot (0/5) Depths:5    Volcano (visited)
Gauntlet (visited)

Altars:
Ashenzari
Cheibriados
Dithmenos
Elyvilon
Fedhas
Gozag
Hepliaklqana
Kikubaaqudgha
Makhleb
Nemelex Xobeh
Okawaru
Qazlal
Ru
Sif Muna
Trog
Uskayaw
Vehumet
Wu Jian
Xom
Yredelemnul
Zin
The Shining One
Beogh
Lugonu

Shops:
D:5 *   D:10 (   D:11 %[}(   D:13 *   Orc:2 [}%*   Elf:3 !   Shoals:2 [%
Shoals:3 *   Shoals:4 [   Vaults:2 !   Vaults:3 (   Depths:1 ?*   Depths:5 [

Portals:
Hell: Depths:1 Depths:2 Depths:3 Depths:4 Depths:5
Abyss: Depths:3 Depths:4 Depths:5
Pandemonium: Depths:2 Depths:3
Ziggurat: Depths:1

Annotations:
Spider:4 Roxanne
Orc:1 exclusion: oklob plant
Geh:7 Asmodeus


Innate Abilities, Weirdness & Mutations

You are resistant to damage.
You can heal yourself by infusing magical energy.
You resist negative energy. (rN+)
You passively map a large area around you.
You do not regenerate.
You are partially covered in rugged brown scales. (AC +1, +3% HP)
You are partially covered in thin metallic scales. (AC +2)
You are agile. (Dex +2)
Your system is resistant to poisons. (rPois)
Your spells are a little harder to cast, but a little more powerful.
You evolve.


Message History

The tormentor calls on the powers of darkness!
Your body is wracked with pain!
* * * LOW HITPOINT WARNING * * *
You feel agile all of a sudden.
You are engulfed in blazing flames.
You resist.
* * * LOW HITPOINT WARNING * * *
Your cacodemon is engulfed in blazing flames.
Your cacodemon barely misses Asmodeus.
Your cacodemon hits Asmodeus. The balrug gestures at you.
The sticky flame hits your hellwing!
Your hellwing is covered in liquid flames!
Your hellwing hits the balrug! x2
The tormentor is engulfed in blazing flames.
The tormentor calls on the powers of darkness!
Your body is wracked with pain!
* * * LOW HITPOINT WARNING * * *
A shadow dragon skeleton comes into view.
Asmodeus gestures at you.
The sphere of damnation explodes!
The damnation engulfs you!!!
You die...

≈≈,≈,,,,,*,**,,,,,,,,........).#,
≈≈≈,,*,,,*,*,,,,,,#######......#,
≈≈≈,,,,,**,*,,,,###....)#''....#,
≈≈≈,,,,,*,,*,,,,#.......2.'....##
≈,≈≈,,,**,**,,,##32#####..##....#
,≈,,,,,*,,#....#.4##,,,##.$#....#
,,,,,,,*,*#....#..#,,,,,#.$#....#
,,,,,,,*,*#....#2.#,,,,,#.$#....#
,≈≈,,,**+*#....#@&#,,,,,#.$#.....
≈≈≈,,**,,,*#...#○2Z'..$##.$#.....
≈,,,,*,,,,,#...##..'####..##.....
≈≈,,,*,,,,,#....#.....,,..#......
≈≈,≈,*,,,,,#....###...$$###......
≈≈,≈.**,,,##......#######.§......
≈≈≈,§.#####..........5...5.......
≈≈≈≈......''.).).......54.......'
≈≈≈≈§§.....''..)............#####


You could see Asmodeus, a balrug, a tormentor, a shadow dragon skeleton, a
friendly cacodemon, a friendly hellwing (burning) and a friendly smoke demon.

Vanquished Creatures
  the Royal Jelly (Slime:5)
  Antaeus (Coc:7)
  the Serpent of Hell (Geh:7)
  Dispater (Dis:7)
  2 ancient liches
  Bai Suzhen (Depths:2)
  16 shard shrikes
  Boris (Depths:5)
  Xtahua (Vaults:3)
  Frederick (Depths:5)
  Geryon (Hell)
  7 golden dragons
  Jory (Depths:4)
  the Enchantress (Depths:3)
  Arachne (Spider:3)
  6 bone dragons
  2 profane servitors
  A Tzitzimitl (Dis:7)
  11 Brimstone Fiends
  12 liches
  4 iron giants (Dis:7)
  Rupert (Orc:2)
  4 tentacled monstrosities
  Asterion (Depths:1)
  14 Ice Fiends
  7 Hell Sentinels
  2 deep elf master archers (Elf:3)
  4 deep elf blademasters
  5 quicksilver dragons
  5 tentacled starspawn
  A kraken (Shoals:3)
  Murray (Hell)
  3 eldritch tentacles
  3 sphinxes (Depths:2)
  25 acid blobs
  6 ancient champions
  A thorn hunter (Depths:3)
  The ghost of brob1 the Peltast, an adept DDFi of Makhleb (Spider:1)
  7 tengu reavers
  8 storm dragons
  A draconian monk (Abyss:3)
  The ghost of MordorOrchid the Thaumaturge, an adept GnFE of Sif Muna (Spider:3)
  3 shadow dragons (Vaults:5)
  A revenant (Hell)
  12 azure jellies
  17 iron dragons
  12 fire giants
  3 deep elf sorcerers
  Aizul (Vaults:3)
  A draconian scorcher (Depths:5)
  19 frost giants
  4 ghost moths (Spider:4)
  3 emperor scorpions
  5 balrugs
  The ghost of kandel6 the Thaumaturge, a journeyman GnSk of Cheibriados (Spider:4)
  4 deep elf elementalists
  17 vault wardens
  21 stone giants
  An orc warlord (Orc:2)
  23 reapers
  16 ironheart preservers
  A draconian stormcaller (Depths:5)
  5 spriggan defenders
  16 war gargoyles
  4 elemental wellsprings
  23 very ugly things
  2 ophanim (Abyss:3)
  7 entropy weavers
  5 deep elf demonologists
  5 vampire knights
  A minotaur (Gauntlet)
  11 deep elf annihilators
  3 white draconians (Depths:5)
  A yellow draconian (Depths:5)
  9 spark wasps
  Azrael (D:15)
  2 red draconians (Depths:5)
  The ghost of Udatag the Severer, a journeyman MiBe of Trog (D:11)
  The ghost of Deobb the Carver, a journeyman MiFi of Okawaru (D:12)
  An eidolon (Abyss:3)
  2 merfolk javelineers
  2 pearl dragon zombies (Depths:1)
  11 ettins
  9 blizzard demons
  11 deep elf death magi
  A green death (Abyss:3)
  2 quicksilver dragon zombies
  11 fire dragons
  7 death oozes
  8 merfolk impalers
  6 deep elf high priests
  2 quicksilver dragon skeletons
  15 yaktaur captains
  21 ice dragons
  A naga warrior (Abyss:3)
  28 vault guards
  19 great orbs of eyes
  4 hydras
  8 rakshasas
  2 hell beasts
  5 kraken zombies
  The ghost of Peloso the Carver, a journeyman DsFi of Okawaru (Lair:2)
  6 spriggan air magi
  11 centaur warriors
  Erica (Lair:2)
  A caustic shrike simulacrum (Depths:5)
  8 merfolk aquamancers
  4 death knights
  16 ogre magi
  38 two-headed ogres
  10 deep troll shamans
  28 dancing weapons
  A queen ant (shapeshifter) (Depths:4)
  A vampire mage (Abyss:3)
  3 satyrs
  9 tengu warriors
  14 hell hogs
  A queen ant (Gauntlet)
  4 titan zombies
  15 deep troll earth magi
  3 orc high priests (Orc:2)
  8 spriggan berserkers
  9 thrashing horrors (Abyss:3)
  11 deep elf knights
  Urug (Lair:1)
  4 titan skeletons
  5 soul eaters (Hell)
  17 iron golems
  14 sun demons
  6 storm dragon zombies
  A sixfirhy (Abyss:3)
  5 shadow wraiths
  2 wretched stars (Abyss:3)
  A golden dragon zombie (Coc:2)
  A spatial maelstrom (Abyss:3)
  17 iron trolls
  A salamander mystic (Depths:5)
  37 skeletal warriors
  28 deep trolls
  2 storm dragon skeletons
  8 anaconda zombies
  24 hell knights
  10 sea snakes
  A swamp dragon (Lair:6)
  A ghost moth zombie (Coc:2)
  32 large abominations
  3 unseen horrors
  A death drake (Abyss:3)
  3 wizards
  4 glowing orange brains
  2 shadow demons
  A kraken simulacrum (Hell)
  A lindwurm (shapeshifter) (Vaults:5)
  8 flayed ghosts
  23 ironbrand convokers
  A quicksilver dragon simulacrum (Abyss:3)
  3 golden dragon skeletons
  13 deep elf archers
  3 shadow dragon zombies
  13 necromancers
  10 orc knights
  4 anaconda skeletons
  9 phantasmal warriors
  17 orb spiders
  6 harpies
  2 wolf spider zombies
  6 iron dragon zombies
  A mana viper (shapeshifter) (Vaults:4)
  4 shadow dragon skeletons
  8 orc sorcerers
  5 stone giant zombies
  An orb spider (shapeshifter) (Vaults:5)
  69 deep elf magi
  4 oklob plants (Lair:5)
  15 cyclopes
  27 wolf spiders
  6 shining eyes
  7 frost giant zombies
  A salamander (shapeshifter) (Depths:5)
  41 ugly things
  6 salamanders
  5 fire giant zombies
  4 elephants (Lair:4)
  2 worldbinders (Abyss:3)
  19 manticores
  A moth of wrath (Lair:4)
  A black mamba (shapeshifter) (Depths:4)
  12 fauns
  13 vault sentinels
  An iron dragon skeleton (Geh:4)
  A shock serpent zombie (Coc:1)
  4 fire giant skeletons
  A centaur zombie (D:15)
  Joseph (Lair:1)
  A guardian serpent (shapeshifter) (Vaults:1)
  4 apis skeletons (Depths:1)
  4 frost giant skeletons
  10 merfolk sirens
  A guardian serpent (Abyss:3)
  20 rust devils
  Maurice (Orc:2)
  6 black mambas
  2 ice statues (Coc:7)
  2 stone giant skeletons (Hell)
  3 dire elephant zombies
  2 eyes of devastation
  A water nymph (shapeshifter) (Depths:5)
  5 water nymphs
  2 torpor snails
  6 molten gargoyles (Geh:7)
  2 orange demons (Abyss:3)
  A spectral redback (Spider:4)
  12 smoke demons
  A gargoyle (D:13)
  A storm dragon simulacrum (Coc:4)
  4 spiny frogs
  10 hellions
  37 freezing wraiths
  68 yaktaurs
  18 tormentors
  3 emperor scorpion zombies
  3 anaconda simulacra
  A minotaur zombie (Gauntlet)
  6 rime drakes
  A kobold demonologist (D:13)
  A yaktaur (shapeshifter) (Vaults:1)
  45 ice devils
  10 demonic crawlers
  13 red devils
  8 ancient zymes
  A catoblepas skeleton (Dis:7)
  7 komodo dragons
  A spriggan skeleton (Depths:1)
  2 human skeletons (Vaults:3)
  40 jumping spiders
  14 hydra zombies
  2 hellwings (Abyss:3)
  12 trolls
  A meliai (shapeshifter) (Depths:1)
  A jumping spider (shapeshifter) (Vaults:3)
  28 merfolk
  A merfolk (shapeshifter) (Vaults:2)
  A hornet (shapeshifter) (Depths:4)
  A dream sheep (shapeshifter) (Vaults:5)
  2 polar bears (shapeshifter)
  A wolf spider simulacrum (Spider:4)
  2 saltlings (Vaults:1)
  A polar bear (Lair:6)
  14 hornets
  A sphinx simulacrum (Depths:5)
  6 wind drakes
  A raiju (shapeshifter) (Vaults:4)
  4 hydra skeletons
  A tengu simulacrum (Depths:1)
  11 alligator zombies
  A deep troll zombie (Depths:1)
  78 slime creatures
  8 blink frogs
  A spectral tarantella (Spider:4)
  16 dream sheep
  A hippogriff (shapeshifter) (Vaults:3)
  A stone giant simulacrum (Coc:7)
  11 snapping turtles
  3 ice dragon zombies
  Prince Ribbit (D:7)
  3 ettin zombies
  A fire giant simulacrum (Coc:6)
  2 frost giant simulacra
  5 fire dragon zombies
  4 air elementals
  2 ice dragon skeletons
  13 hippogriffs
  14 raiju
  28 water elementals
  2 alligator skeletons
  10 shadows
  67 redbacks
  6 ettin skeletons
  5 fire dragon skeletons
  52 flying skulls
  26 tarantellas
  A deep troll skeleton (Depths:1)
  4 spriggans
  A tarantella (shapeshifter) (Vaults:5)
  4 wyverns
  20 wraiths
  A black mamba zombie (Coc:7)
  23 fire elementals
  7 basilisks
  5 fire bats (Abyss:3)
  39 yaks
  2 ynoxinuls (Abyss:3)
  18 humans (D:13)
  A hog (shapeshifter) (D:13)
  A black mamba skeleton (Geh:3)
  2 steam dragons (Lair:6)
  12 chaos spawn
  6 neqoxecs (Abyss:3)
  10 vampire mosquitoes
  A hungry ghost (Coc:2)
  9 spatial vortices (Abyss:3)
  A redback simulacrum (Spider:4)
  A spectral orb spider (Spider:4)
  7 wargs
  7 insubstantial wisps
  19 small abominations
  An acid dragon (Lair:6)
  6 soldier ants (Gauntlet)
  13 water moccasins
  3 hydra simulacra
  A naga (Abyss:3)
  5 porcupines
  51 hell hounds
  10 spiny frog zombies
  2 jumping spider simulacra (Spider:4)
  2 floating eyes
  55 orc warriors
  A tarantella simulacrum (Spider:4)
  2 snapping turtle zombies
  A swamp drake (Lair:6)
  2 eyes of draining (shapeshifter)
  2 spiny frog skeletons
  2 ettin simulacra
  6 eyes of draining
  5 phantoms
  An elf zombie (Vaults:3)
  A manticore zombie (Dis:7)
  9 ice beasts
  5 necrophages
  8 sky beasts
  2 fire dragon simulacra
  A swamp dragon zombie (Dis:7)
  2 alligator simulacra
  15 boggarts
  2 swamp dragon skeletons
  7 wolves
  45 ogres
  28 centaurs
  16 crocodiles
  2 big kobolds (D:11)
  22 bullfrogs
  2 elf skeletons
  2 gnoll sergeants
  3 glowing shapeshifter simulacra (Depths:5)
  2 human simulacra (Vaults:1)
  A spiny frog simulacrum (Hell)
  An orb spider simulacrum (Spider:4)
  4 scorpions
  16 killer bees
  42 wights
  4 electric eels
  A howler monkey (D:6)
  A troll skeleton (Hell)
  16 crimson imps
  An elf simulacrum (Coc:7)
  3 quasits
  Crazy Yiuf (D:7)
  3 human zombies
  8 starcursed masses
  A bullfrog zombie (D:7)
  4 jellies
  25 orc priests
  6 centaur skeletons
  4 hounds
  2 bullfrog skeletons
  A gnoll shaman (D:9)
  41 iron imps
  12 iguanas
  Terence (D:2)
  21 orc wizards
  7 hell rats (Hell)
  9 worker ants
  A killer bee zombie (D:7)
  A naga zombie (Dis:7)
  A naga skeleton (Geh:2)
  A hound zombie (D:7)
  4 hound skeletons
  6 mummies
  A howler monkey zombie (D:9)
  A worker ant zombie (D:11)
  13 gnolls
  8 adders
  2 shadow imps
  31 white imps
  3 ufetubi
  7 oozes
  An adder zombie (D:7)
  2 worms
  A worm (shapeshifter) (Vaults:2)
  8 dart slugs
  5 leopard geckos
  106 orcs
  A ball python (D:3)
  6 bats
  4 giant cockroaches
  9 goblins
  9 hobgoblins
  12 kobolds
  6 quokkas
  4 frilled lizards
  A jackal zombie (D:6)
  An orc skeleton (Geh:2)
  An orc zombie (Coc:6)
  8 rats
  2 bushes (Abyss:2)
  4 crawling corpses
  A demonic plant (Abyss:2)
  2 fire vortices (Geh:7)
  5 fungi
  A lurking horror (Abyss:3)
  20 plants
  3 starspawn tentacles
  9 tentacles
3353 creatures vanquished.

Vanquished Creatures (collateral kills)
  The ghost of Eddai the Fencer, a veteran BaIE of Cheibriados (Depths:5)
  Saint Roka (Orc:2)
  An Ice Fiend (Coc:7)
  2 balrugs (Geh:7)
  An emperor scorpion (Spider:4)
  A reaper (Geh:2)
  A minotaur (Lair:2)
  A blizzard demon (Coc:7)
  2 ice dragons
  A caustic shrike simulacrum (Depths:5)
  A dancing weapon (Elf:3)
  An orc high priest (Orc:2)
  Sonja (Lair:1)
  A deep elf knight (Vaults:3)
  2 sun demons (Geh:7)
  A storm dragon zombie (Geh:2)
  A hell knight (Geh:2)
  An anaconda zombie (Geh:7)
  A wolf spider (Spider:1)
  3 orb spiders (Spider:4)
  An orc sorcerer (Orc:2)
  A moth of wrath (Spider:4)
  A stone giant skeleton (Geh:7)
  An ice statue (Coc:7)
  A rime drake (Lair:6)
  A spiny frog (Lair:6)
  2 hellions
  A demonic crawler (Spider:4)
  3 ice devils (Coc:7)
  A golden dragon simulacrum (Depths:5)
  2 red devils
  A troll (Orc:2)
  A jumping spider (Spider:1)
  A hornet (Spider:4)
  A sphinx simulacrum (Depths:5)
  A hydra skeleton (Geh:7)
  A shadow (Geh:2)
  A spriggan (Lair:2)
  3 flying skulls (Coc:7)
  A redback (Spider:4)
  A wyvern (Lair:6)
  3 tarantellas (Spider:4)
  4 yaks
  A warg (Orc:2)
  2 hell hounds
  3 orc warriors (Orc:2)
  A crocodile (Lair:6)
  A bullfrog (Lair:2)
  A hornet simulacrum (Spider:4)
  An electric eel (Lair:6)
  An orc wizard (Orc:2)
  3 orc priests (Orc:2)
  4 orcs (Orc:2)
77 creatures vanquished.

Vanquished Creatures (others)
  A titan (Depths:2)
  An eldritch tentacle (Coc:1)
  An elemental wellspring (Coc:6)
  A stone giant (Vaults:5)
  4 yaktaur captains
  3 satyrs
  A centaur warrior (Vaults:4)
  A merfolk aquamancer (Shoals:1)
  4 hell hogs
  A deep elf knight (Elf:3)
  A shadow wraith (Vaults:4)
  An unseen horror (Vaults:1)
  2 deep elf archers
  A deep elf mage (Elf:1)
  An orb spider (Spider:1)
  A cyclops (Shoals:2)
  5 fauns
  A rime drake (Lair:6)
  16 yaktaurs
  A hellion (Geh:7)
  A jumping spider (Spider:1)
  A dream sheep (Shoals:1)
  A flying skull (Coc:4)
  A fire bat (Abyss:3)
  A warg (Vaults:4)
  2 hell hounds
  An orc warrior (Vaults:2)
  2 centaurs
  A white imp (Coc:7)
  2 orcs
  3 bushes
  17 fungi
  2 lurking horrors (Abyss:3)
  27 plants
  6 starspawn tentacles
  30 tentacles
146 creatures vanquished.

Grand Total: 3576 creatures vanquished

Notes
Turn   | Place    | Note
-------+----------+-------------------------------------------
     0 | D:1      | Gruesph the Deep Dwarf Fighter began the quest for the Orb.
     0 | D:1      | Reached XP level 1. HP: 20/20 MP: 1/1
    75 | D:1      | Reached XP level 2. HP: 27/27 MP: 2/2
   832 | D:1      | You fall into a shaft and drop 1 floor!
   875 | D:2      | Found a sacrificial altar of Ru.
   909 | D:2      | Found a faded altar of an unknown god.
   914 | D:2      | Reached XP level 3. HP: 31/33 MP: 3/3
  1515 | D:2      | Reached XP level 4. HP: 32/40 MP: 4/4
  1668 | D:2      | You fall into a shaft and drop 2 floors!
  1674 | D:4      | Reached skill level 5 in Axes
  1687 | D:4      | Found a glowing golden altar of the Shining One.
  1687 | D:4      | Found a shattered altar of Ashenzari.
  1799 | D:4      | Reached XP level 5. HP: 22/46 MP: 5/5
  2328 | D:2      | Noticed Terence
  2348 | D:2      | Killed Terence
  3091 | D:3      | Reached XP level 6. HP: 44/55 MP: 6/6
  3898 | D:5      | Entered Level 5 of the Dungeon
  3931 | D:5      | Found Oluulan's Assorted Antiques.
  3943 | D:5      | Bought a purple potion for 17 gold pieces
  3943 | D:5      | Bought a scroll labeled IROGICV ENNE for 19 gold pieces
  3976 | D:5      | Noticed a sky beast
  3996 | D:5      | Killed a sky beast
  4113 | D:5      | Reached XP level 7. HP: 26/61 MP: 6/6
  4517 | D:5      | Found a glowing silver altar of Zin.
  4520 | D:5      | Found a shadowy altar of Dithmenos.
  4523 | D:5      | Found a stormy altar of Qazlal.
  4915 | D:6      | Reached skill level 10 in Axes
  5047 | D:6      | Reached XP level 8. HP: 45/68 MP: 7/7
  5664 | D:7      | Noticed Prince Ribbit
  5690 | D:7      | Killed Prince Ribbit
  5715 | D:7      | Found a staircase to the Ecumenical Temple.
  5753 | Temple   | Entered the Ecumenical Temple
  5843 | Temple   | Became a worshipper of Makhleb the Destroyer
  5921 | D:7      | Found a hide-covered altar of Uskayaw.
  6356 | D:7      | Found a blossoming altar of Fedhas.
  6411 | D:7      | Found a runed translucent door.
  6412 | D:7      | Noticed Crazy Yiuf
  6427 | D:7      | Killed Crazy Yiuf
  6427 | D:7      | Gained mutation: You passively map the area around you.
                  | [Deep Dwarf growth]
  6427 | D:7      | Reached XP level 9. HP: 60/74 MP: 7/7
  6561 | D:8      | Reached skill level 1 in Evocations
  6996 | D:8      | Reached skill level 5 in Evocations
  7113 | D:8      | Identified the +8 arbalest of Cucwulurph {flame, Str+2
                  | Int+3}
  7138 | D:8      | Reached * piety under Makhleb
  7138 | D:8      | Reached skill level 4 in Armour
  7169 | D:8      | Noticed a cyan ugly thing
  7383 | D:8      | Killed a cyan ugly thing
  7383 | D:8      | Reached skill level 5 in Armour
  7383 | D:8      | Reached XP level 10. HP: 52/85 MP: 9/9
  7554 | D:9      | Noticed a two-headed ogre
  7597 | D:9      | Killed a two-headed ogre
  7624 | D:9      | Noticed a two-headed ogre
  7636 | D:9      | Killed a two-headed ogre
  7636 | D:9      | Reached skill level 5 in Fighting
  7636 | D:9      | Reached skill level 6 in Armour
  7761 | D:9      | Reached ** piety under Makhleb
  8072 | D:9      | Reached skill level 7 in Armour
  8119 | D:9      | Found a staircase to the Lair.
  8168 | D:9      | Reached skill level 1 in Invocations
  8330 | Lair:1   | Entered Level 1 of the Lair of Beasts
  8439 | Lair:1   | Noticed Joseph
  8477 | Lair:1   | Killed Joseph
  8477 | Lair:1   | Reached XP level 11. HP: 51/98 MP: 10/10
  8711 | Lair:1   | Found a sparkling altar of Nemelex Xobeh.
  9081 | Lair:1   | Noticed a seven-headed hydra
  9135 | Lair:1   | Killed a 19-headed hydra
  9135 | Lair:1   | Reached skill level 8 in Armour
  9208 | Lair:1   | Noticed Urug
  9248 | Lair:1   | Killed Urug
  9372 | Lair:1   | Noticed Sonja
  9458 | D:10     | Entered Level 10 of the Dungeon
  9754 | D:10     | Found a staircase to the Orcish Mines.
  9781 | D:10     | Found Yluirghej's Weapon Shoppe.
 10011 | D:10     | Reached skill level 5 in Invocations
 10548 | D:11     | Noticed a two-headed ogre
 10555 | D:11     | Noticed a brown ugly thing
 10593 | D:11     | Killed a brown ugly thing
 10595 | D:11     | Killed a two-headed ogre
 10595 | D:11     | Reached skill level 15 in Axes
 10601 | D:11     | Reached *** piety under Makhleb
 10771 | D:11     | Found Zeteas's Antique Armour Emporium.
 10818 | D:11     | Found Kigyohecs's Food Boutique.
 10854 | D:11     | Reached skill level 9 in Armour
 10886 | D:11     | Found a runed translucent gate.
 10899 | D:11     | Found Giphyblo's Weapon Emporium.
 11175 | D:11     | Reached **** piety under Makhleb
 11181 | D:11     | Got a coiled marble ring
 11209 | D:11     | Found Raopuep's Gadget Shop.
 11360 | D:11     | Found a runed translucent gate.
 11361 | D:11     | Found a runed translucent gate.
 11457 | D:11     | Noticed Udatag's ghost (journeyman MiBe)
 11637 | D:11     | Identified the ring "Xutros" {Dex+3 Stlth+} (You found it
                  | on level 11 of the Dungeon)
 11753 | Lair:1   | Cast into level 1 of the Abyss (Sonja)
 11815 | Abyss:1  | Noticed a starcursed mass
 11848 | Abyss:1  | Killed a starcursed mass
 11850 | Abyss:1  | Killed a starcursed mass
 11955 | Abyss:1  | Noticed a tentacled starspawn
 11962 | Abyss:1  | Noticed a large abomination
 11968 | Abyss:1  | Killed a tentacled starspawn
 11968 | Abyss:1  | Reached XP level 12. HP: 53/112 MP: 9/9
 11978 | Abyss:1  | Reached skill level 10 in Armour
 12170 | Abyss:1  | HP: 5/112 [raiju/living lightning (10)]
 12177 | Lair:1   | Escaped the Abyss
 12189 | Lair:1   | Killed Sonja
 12625 | Lair:2   | Found a staircase to the Shoals.
 12667 | Lair:2   | Noticed a minotaur
 12674 | Lair:2   | Noticed Peloso's ghost (journeyman DsFi)
 12690 | Lair:2   | Found a runed translucent gate.
 12690 | Lair:2   | Found a runed translucent gate.
 12690 | Lair:2   | Found a runed translucent gate.
 12731 | Lair:2   | You fall into a shaft and drop 2 floors!
 12867 | Lair:4   | Reached skill level 11 in Armour
 13201 | Lair:2   | Reached skill level 5 in Shields
 13271 | Lair:2   | Noticed Erica
 13298 | Lair:2   | Killed Erica
 13386 | Lair:2   | Noticed an eight-headed hydra
 13387 | Lair:2   | Noticed a five-headed hydra
 13400 | Lair:2   | Killed a one-headed hydra
 13413 | Lair:2   | Killed a one-headed hydra
 13413 | Lair:2   | Reached XP level 13. HP: 72/123 MP: 8/8
 13601 | Lair:2   | Killed Peloso's ghost
 13601 | Lair:2   | Reached skill level 10 in Fighting
 13618 | Lair:2   | Killed a minotaur
 13645 | Lair:2   | Got a transparent war axe
 13676 | Lair:2   | Identified the +9 war axe "Icoduxi" {chop, *Drain rPois rN+
                  | Dex+6} (You found it on level 2 of the Lair of Beasts)
 14303 | Lair:3   | Reached ***** piety under Makhleb
 14344 | Lair:3   | Reached skill level 12 in Armour
 14693 | Lair:4   | Found a hole to the Spider Nest.
 15619 | Lair:5   | Found a dark tunnel.
 15626 | Volcano  | Entered a volcano
 16607 | Lair:5   | Identified a scroll of acquirement
 16608 | Lair:5   | Got a spiked large shield
 16619 | Lair:5   | Identified the +4 large shield "Pibbay" {rPois rC- MR+
                  | Str+6} (You acquired it on level 5 of the Lair of Beasts)
 16631 | Lair:6   | Entered Level 6 of the Lair of Beasts
 16752 | Lair:6   | Reached skill level 13 in Armour
 16881 | Lair:6   | Gained mutation: You resist negative energy. (rN+) [Deep
                  | Dwarf growth]
 16881 | Lair:6   | Reached XP level 14. HP: 122/135 MP: 9/9
 18169 | D:5      | Bought the +8 mithril axe "Arga" {speed, MR+} for 1227 gold
                  | pieces
 18169 | D:5      | Found the +8 mithril axe "Arga" {speed, MR+}
 18357 | D:11     | Killed Udatag's ghost
 18369 | D:11     | Got a steaming hand crossbow
 18372 | D:11     | Identified the +8 hand crossbow "Worm's Wrath" {flame,
                  | +Blink MP+9 SInv} (You found it on level 11 of the Dungeon)
 18630 | D:12     | Found a runed translucent gate.
 18631 | D:12     | Found a runed translucent gate.
 18632 | D:12     | Found a runed translucent gate.
 18633 | D:12     | Noticed Deobb's ghost (journeyman MiFi)
 18658 | D:12     | Killed Deobb's ghost
 18676 | D:12     | Got a scorched falchion
 18677 | D:12     | Identified the +2 falchion of the Harvest {slice, rF+ rC-
                  | Str+3} (You found it on level 12 of the Dungeon)
 18985 | Orc:1    | Entered Level 1 of the Orcish Mines
 19122 | Orc:1    | Noticed a stone giant
 19132 | Orc:1    | Reached ****** piety under Makhleb
 19141 | Orc:1    | Killed a stone giant
 19275 | Orc:1    | Found a roughly hewn altar of Beogh.
 19479 | Orc:2    | Entered Level 2 of the Orcish Mines
 19513 | Orc:2    | Reached skill level 10 in Shields
 19717 | Orc:2    | Found a roughly hewn altar of Beogh.
 19801 | Orc:2    | Found Xaghanu's Gadget Emporium.
 19826 | Orc:2    | Found Teseymat's Antique Armour Shoppe.
 20088 | Orc:2    | Noticed Maurice
 20103 | Orc:2    | Killed Maurice
 20143 | Orc:2    | Found a staircase to the Elven Halls.
 20317 | Orc:2    | Noticed an orc warlord
 20317 | Orc:2    | Noticed Saint Roka
 20323 | Orc:2    | Noticed Rupert
 20427 | Orc:2    | Killed an orc warlord
 20568 | Orc:2    | Killed Saint Roka
 20568 | Orc:2    | Reached skill level 10 in Invocations
 20667 | Orc:2    | Found Jemuajohar's Food Emporium.
 20744 | Orc:2    | Found a roughly hewn altar of Beogh.
 20776 | Orc:2    | Reached XP level 15. HP: 70/142 MP: 12/12
 20816 | Orc:2    | Found Xyahiung's General Store.
 20841 | Orc:2    | Bought a potion of curing for 45 gold pieces
 20975 | Orc:2    | Killed Rupert
 21214 | Orc:2    | Found Teseymat's Antique Armour Shoppe.
 21217 | Orc:2    | Found Xaghanu's Gadget Emporium.
 21217 | Orc:2    | Found a roughly hewn altar of Beogh.
 21590 | Orc:2    | Found Xyahiung's General Store.
 21640 | Orc:2    | Found a roughly hewn altar of Beogh.
 21659 | Orc:2    | Found Jemuajohar's Food Emporium.
 21768 | Orc:2    | Found a staircase to the Elven Halls.
 22185 | D:5      | Bought a bloodstained plate armour for 532 gold pieces
 22185 | D:5      | Identified the +4 plate armour of Circular Logic {*Contam
                  | rElec MP-9 Int+10} (You bought it in a shop on level 5 of
                  | the Dungeon)
 22521 | D:13     | Found Inasia's Elemental Accessories.
 23086 | D:13     | Found a gate to the Vaults.
 23248 | D:14     | Found a white marble altar of Elyvilon.
 23640 | D:15     | Entered Level 15 of the Dungeon
 23704 | D:15     | Found a gate leading to a gauntlet.
 23715 | Gauntlet | Entered a Gauntlet
 23715 | Gauntlet | Found a transporter.
 23715 | Gauntlet | Found a transporter.
 23719 | Gauntlet | Found a transporter.
 23719 | Gauntlet | Found a transporter.
 23730 | Gauntlet | Found a transporter.
 23737 | Gauntlet | Found a transporter.
 23747 | Gauntlet | Found a transporter.
 23747 | Gauntlet | Found a transporter.
 23750 | Gauntlet | Found a transporter.
 23777 | Gauntlet | Found a transporter.
 23784 | Gauntlet | Found a transporter.
 23802 | Gauntlet | Found a transporter.
 23848 | Gauntlet | Found a transporter.
 23873 | Gauntlet | Found a transporter.
 23966 | Gauntlet | Found a transporter.
 23980 | Gauntlet | Found a transporter.
 24119 | Gauntlet | Got a blackened helmet
 24121 | Gauntlet | Identified the +0 helmet of Oha Loj {rC++} (You found it in
                  | a Gauntlet)
 24191 | Gauntlet | Got a pitted steel ring
 24192 | Gauntlet | Identified the ring of Equilibrium {*Corrode +Fly rElec
                  | Dex+4 SInv} (You found it in a Gauntlet)
 24238 | Gauntlet | Got a pair of crude gloves
 24249 | Gauntlet | Identified the +1 pair of gloves of Uskayaw's Condemnation
                  | {MR+} (You found it in a Gauntlet)
 24269 | Gauntlet | Identified the +3 chain mail "Dimoroxt" {Slay+4}
 24287 | Gauntlet | Identified the Catalogue of Boosts and Shape Shifting
 24321 | Gauntlet | Got a faintly humming shield
 24373 | D:15     | Identified the cursed +0 shield of Articulation {rN+++
                  | Str-3 Int+5 SInv} (You found it in a Gauntlet)
 24511 | D:15     | Noticed Azrael
 24523 | D:15     | Killed Azrael
 24749 | D:15     | Found a staircase to the Depths.
 25195 | Spider:1 | Entered Level 1 of the Spider Nest
 25205 | Spider:1 | Reached XP level 16. HP: 151/151 MP: 4/13
 25455 | Spider:1 | Found a large runed translucent door.
 25455 | Spider:1 | Found a large runed translucent door.
 25461 | Spider:1 | Noticed brob1's ghost (adept DDFi)
 25487 | Spider:1 | Reached skill level 14 in Armour
 25529 | Spider:1 | Killed brob1's ghost
 25895 | Spider:2 | Reached skill level 15 in Shields
 26161 | Spider:2 | Found a roughly hewn altar of Beogh.
 26188 | Spider:2 | Got a pitted scale mail
 26217 | Spider:2 | Identified the +10 scale mail "Ogeidina" {+Blink rF+++ rC-
                  | MR-} (You found it on level 2 of the Spider Nest)
 26960 | Spider:3 | Found a runed translucent door.
 26960 | Spider:3 | Noticed MordorOrchid's ghost (adept GnFE)
 26988 | Spider:3 | Killed MordorOrchid's ghost
 27612 | Spider:3 | Noticed Arachne
 27634 | Spider:3 | Killed Arachne
 27875 | Spider:4 | Entered Level 4 of the Spider Nest
 28020 | Spider:4 | Found a runed translucent gate.
 28020 | Spider:4 | Found a runed translucent gate.
 28020 | Spider:4 | Found a runed translucent gate.
 28027 | Spider:4 | Noticed Roxanne
 28034 | Spider:4 | Noticed kandel6's ghost (journeyman GnSk)
 28123 | Spider:4 | Reached XP level 17. HP: 162/162 MP: 6/15
 28216 | Spider:4 | Reached skill level 15 in Armour
 28881 | Spider:4 | Got a gossamer rune of Zot
 29027 | Spider:4 | Killed kandel6's ghost
 29027 | Spider:4 | Reached skill level 10 in Evocations
 29039 | Spider:4 | Got a clouded copper ring
 29050 | Spider:4 | Identified the ring "Leri" {*Tele Int+7 Dex+2} (You found
                  | it on level 4 of the Spider Nest)
 29362 | Orc:2    | Bought a glowing cloak for 195 gold pieces
 29516 | Shoals:1 | Entered Level 1 of the Shoals
 30032 | Shoals:1 | Reached skill level 1 in Dodging
 30627 | Shoals:2 | Found Qeureod's Antique Armour Shop.
 30706 | Shoals:2 | Found Xegav's Food Shoppe.
 31141 | Shoals:3 | Reached skill level 5 in Dodging
 31339 | Shoals:3 | Found Sabety Ypel's General Store.
 31405 | Shoals:3 | Gained mutation: You passively map a large area around you.
                  | [Deep Dwarf growth]
 31405 | Shoals:3 | Reached XP level 18. HP: 172/172 MP: 8/17
 31877 | Shoals:4 | Entered Level 4 of the Shoals
 32011 | Shoals:4 | Found Fannod's Armour Emporium.
 32215 | Shoals:4 | Got a barnacled rune of Zot
 32914 | Vaults:1 | Entered Level 1 of the Vaults
 33145 | Vaults:1 | You fall into a shaft and drop 1 floor!
 33596 | Vaults:1 | Reached skill level 10 in Dodging
 33901 | Vaults:1 | Reached XP level 19. HP: 180/180 MP: 9/20
 34070 | Vaults:1 | Reached skill level 15 in Invocations
 35762 | Vaults:2 | Found Laadig Qana's Distillery.
 35772 | Vaults:2 | Bought a potion of experience for 900 gold pieces
 35772 | Vaults:2 | Reached XP level 20. HP: 189/189 MP: 12/21
 36103 | Vaults:3 | Noticed Aizul
 36118 | Vaults:3 | Killed Aizul
 36286 | Vaults:3 | Noticed Xtahua
 36301 | Vaults:3 | Killed Xtahua
 36778 | Vaults:3 | Found Ranuiteb's Weapon Boutique.
 37115 | Vaults:3 | Found a staircase to the Crypt.
 37115 | Vaults:3 | Found a basalt altar of Yredelemnul.
 37116 | Vaults:3 | Found an ancient bone altar of Kikubaaqudgha.
 37700 | Vaults:4 | Found a flickering gateway to a bazaar.
 37719 | Bazaar   | Entered a bazaar
 37732 | Bazaar   | Found Xuank's Assorted Antiques.
 37732 | Bazaar   | Found Ytethua's Weapon Shoppe.
 37768 | Bazaar   | Found Imiegiqi's Antique Weapon Emporium.
 37768 | Bazaar   | Found Saho's Magic Scroll Emporium.
 38062 | Vaults:4 | Reached XP level 21. HP: 177/199 MP: 13/22
 38713 | Vaults:4 | Reached skill level 15 in Fighting
 39025 | Elf:1    | Entered Level 1 of the Elven Halls
 39049 | Elf:1    | Found a radiant altar of Vehumet.
 39235 | Elf:1    | Identified the Guide on Confrontation
 39957 | Elf:2    | Got a jacinth-encrusted scale mail
 39958 | Elf:2    | Identified the +5 scale mail of Biush {+Fly rC- MR+ MP+9}
                  | (You found it on level 2 of the Elven Halls)
 40258 | Elf:2    | Found a runed translucent door.
 40286 | Elf:2    | Found a runed translucent door.
 40683 | Elf:3    | Entered Level 3 of the Elven Halls
 40783 | Elf:3    | Found Rumu Sic's Distillery.
 40790 | Elf:3    | Bought a potion of heal wounds for 65 gold pieces
 41318 | Elf:3    | Reached skill level 15 in Dodging
 41318 | Elf:3    | Reached XP level 22. HP: 210/210 MP: 14/23
 41693 | Elf:3    | Got an iridescent quick blade
 41739 | Elf:3    | Got a crude war axe
 41813 | Elf:3    | Identified the Collected Works on the Glacier and Hexes
 41831 | Elf:3    | Identified the Compendium of Flamy Creation
 41837 | Elf:3    | Identified Cituhu's Papyrus of Unholy Earth
 42515 | Depths:1 | Entered Level 1 of the Depths
 42548 | Depths:1 | Found Latzeen's Magic Scroll Emporium.
 42675 | Depths:1 | Reached skill level 16 in Armour
 42716 | Depths:1 | Bought a scroll of teleportation for 30 gold pieces
 42716 | Depths:1 | Bought a scroll of magic mapping for 35 gold pieces
 42716 | Depths:1 | Bought a scroll of immolation for 35 gold pieces
 42716 | Depths:1 | Bought a scroll of holy word for 75 gold pieces
 42742 | Depths:1 | Found a basalt altar of Yredelemnul.
 42808 | Depths:1 | Found the +6 shillelagh "Devastator" {shatter}
 42814 | Depths:1 | Got a fine crystal plate armour
 42815 | Depths:1 | Identified the +7 crystal plate armour "Kilal" {rElec rF+++
                  | Int-3 SInv} (You found it on level 1 of the Depths)
 43548 | Depths:1 | Found a gateway to a ziggurat.
 43564 | Depths:1 | Identified the Tome of Ashen Intoxication
 43696 | Depths:1 | Found Kiuw Qim's Changing Room.
 43698 | Depths:1 | You fall into a shaft and drop 1 floor!
 43702 | Depths:2 | Noticed Bai Suzhen
 43744 | Depths:2 | Killed Bai Suzhen
 43948 | Depths:1 | Found a snail-covered altar of Cheibriados.
 43950 | Depths:1 | Found a gateway to Hell.
 43960 | Depths:1 | Identified the +0 shield "Jyrene" {MR+ MP+9}
 43960 | Depths:1 | Noticed Asterion
 43976 | Depths:1 | Killed Asterion
 44464 | Depths:2 | Reached skill level 17 in Armour
 44521 | Depths:2 | Reached XP level 23. HP: 220/220 MP: 24/24
 44582 | Depths:2 | Got a polished long sword
 44592 | Depths:2 | Got an ancient leather armour
 44746 | Depths:2 | Identified the +6 short sword "Qiempac" {flame, rPois MP+9}
 44773 | Depths:2 | Found the amulet of Vitality {Regen+ HP+15}
 44981 | Depths:2 | Found a one-way gate leading to the halls of Pandemonium.
 45101 | Depths:2 | Found a one-way gate leading to the halls of Pandemonium.
 45599 | Depths:3 | Got a steaming falchion
 46153 | Depths:3 | Got a brightly glowing mace
 46421 | Depths:3 | Found a one-way gate to the infinite horrors of the Abyss.
 46687 | Depths:3 | Noticed the Enchantress
 46707 | Depths:3 | Killed the Enchantress
 46707 | Depths:3 | Reached skill level 18 in Armour
 46802 | Depths:3 | Got a slimy shortbow
 47107 | Depths:4 | You fall into a shaft and drop 1 floor!
 47107 | Depths:5 | Entered Level 5 of the Depths
 47167 | Depths:5 | Found a runed translucent gate.
 47198 | Depths:5 | Noticed Frederick
 47219 | Depths:5 | Killed Frederick
 47265 | Depths:5 | Found a runed translucent gate.
 47266 | Depths:5 | Found a runed translucent gate.
 47282 | Depths:5 | Found Yrurgh's Armour Shop.
 47309 | Depths:5 | Noticed Boris
 47336 | Depths:5 | Killed Boris
 47458 | Depths:4 | Paralysed by a floating eye for 4 turns
 47508 | Depths:4 | Reached XP level 24. HP: 234/234 MP: 24/24
 47540 | Depths:4 | Noticed Jory
 47587 | Depths:4 | Killed Jory
 47723 | Depths:4 | Got a twisted plate armour
 48178 | Depths:4 | Reached skill level 19 in Armour
 48324 | Depths:4 | Paralysed by a floating eye for 3 turns
 49388 | Depths:5 | Got a pitted flail
 49498 | Depths:5 | Gained mutation: You possess an exceptional clarity of
                  | mind. [a shining eye]
 49779 | Depths:5 | Found a gate to the Realm of Zot.
 49839 | Depths:5 | Noticed Eddai's ghost (veteran BaIE)
 49872 | Depths:5 | Identified the ring of Pajanget {Fire rPois rN+ Int+4
                  | Dex-3}
 50094 | Depths:5 | Killed Eddai's ghost
 50118 | Depths:5 | Got a translucent pewter ring
 50130 | Depths:5 | Identified the ring "Kenyom" {rPois MP+9 Str+2 Dex+2
                  | Stlth-} (You found it on level 5 of the Depths)
 50151 | Depths:5 | Got a transparent lapis lazuli ring
 50152 | Depths:5 | Identified the ring of Qizax {rPois rC- EV+4 Dex+7} (You
                  | acquired it on level 5 of the Depths)
 50154 | Depths:5 | Got a pitted amethyst amulet
 50155 | Depths:5 | Identified the amulet of Rustryda {Gourm Int+4} (You
                  | acquired it on level 5 of the Depths)
 50437 | Vaults:5 | Entered Level 5 of the Vaults
 50445 | Vaults:5 | Reached skill level 20 in Armour
 50445 | Vaults:5 | Reached XP level 25. HP: 247/247 MP: 24/24
 50485 | Vaults:5 | Identified the ring of Syucria {rElec rPois rF- rC+++
                  | Int-5}
 50698 | Vaults:5 | Noticed an ancient lich
 50712 | Vaults:5 | Killed an ancient lich
 50866 | Vaults:5 | Reached skill level 21 in Armour
 50919 | Vaults:5 | Got a bronze ring mail
 51056 | Vaults:5 | Identified the +2 leather armour of the Black Moon {*Drain
                  | Str+9 Int+3 Dex+3}
 51281 | Vaults:5 | Got a silver rune of Zot
 51358 | Vaults:5 | Identified the Incunabulum of Flight
 52990 | D:11     | Bought a pair of glowing boots for 202 gold pieces
 53000 | D:11     | Identified a +1 pair of boots of running (You bought it in
                  | a shop on level 11 of the Dungeon)
 53186 | Lair:5   | Found a staircase to the Slime Pits.
 53210 | Slime:1  | Entered Level 1 of the Pits of Slime
 53274 | Slime:2  | Paralysed by a floating eye for 2 turns
 53325 | Slime:2  | Reached XP level 26. HP: 260/260 MP: 24/24
 53766 | Slime:5  | Entered Level 5 of the Pits of Slime
 53896 | Slime:5  | Noticed the Royal Jelly
 53939 | Slime:5  | Killed the Royal Jelly
 54070 | Slime:5  | Reached skill level 22 in Armour
 54118 | Slime:5  | Found the +0 Maxwell's etheric cage {RegenMP+ *Contam rElec
                  | MP+4}
 54119 | Slime:5  | Found the +2 cloak of the Thief {+Fog Slay-2 SInv Stlth+}
 54139 | Slime:5  | Gained mutation: Your body sometimes deteriorates upon
                  | taking damage. [a shining eye]
 54555 | Slime:5  | Got an ancient glaive
 54601 | Slime:5  | Got a twisted centaur barding
 54640 | Slime:5  | Got a slimy rune of Zot
 55092 | Depths:3 | Voluntarily entered the Abyss.
 55744 | Abyss:3  | Noticed an ancient lich
 55757 | Abyss:3  | Killed an ancient lich
 56356 | Abyss:3  | Gained mutation: You are frail. (-10% HP) [a shining eye]
 56358 | Abyss:3  | Gained mutation: You are weak. (Str -2) [a shining eye]
 56511 | Abyss:3  | Reached XP level 27. HP: 244/244 MP: 23/23
 56560 | Abyss:3  | Got an abyssal rune of Zot
 57129 | Depths:3 | Escaped the Abyss
 57136 | Depths:3 | Lost mutation: You are frail. (-10% HP) [potion of
                  | mutation]
 57136 | Depths:3 | Lost mutation: Your body sometimes deteriorates upon taking
                  | damage. [potion of mutation]
 57136 | Depths:3 | Lost mutation: You are weak. (Str -2) [potion of mutation]
 57136 | Depths:3 | Gained mutation: Armour fits poorly on your strangely
                  | shaped body. [potion of mutation]
 57136 | Depths:3 | Gained mutation: You have supernaturally acute eyesight.
                  | (SInv) [potion of mutation]
 57136 | Depths:3 | Gained mutation: You have a beak for a mouth. [potion of
                  | mutation]
 57136 | Depths:3 | Gained mutation: Your spells are a little harder to cast,
                  | but a little more powerful. [potion of mutation]
 57139 | Depths:3 | Lost mutation: Armour fits poorly on your strangely shaped
                  | body. [potion of mutation]
 57139 | Depths:3 | Lost mutation: Your spells are a little harder to cast, but
                  | a little more powerful. [potion of mutation]
 57139 | Depths:3 | Lost mutation: You possess an exceptional clarity of mind.
                  | [potion of mutation]
 57139 | Depths:3 | Lost mutation: You have supernaturally acute eyesight.
                  | (SInv) [potion of mutation]
 57139 | Depths:3 | Gained mutation: You expend magic power (3 MP) to
                  | strengthen your wands. [potion of mutation]
 57139 | Depths:3 | Gained mutation: Your mind is acute. (Int +2) [potion of
                  | mutation]
 57140 | Depths:3 | Lost mutation: Your mind is acute. (Int +2) [potion of
                  | mutation]
 57140 | Depths:3 | Lost mutation: You have a beak for a mouth. [potion of
                  | mutation]
 57140 | Depths:3 | Lost mutation: You expend magic power (3 MP) to strengthen
                  | your wands. [potion of mutation]
 57140 | Depths:3 | Gained mutation: Scrolls take you a little longer to read.
                  | [potion of mutation]
 57140 | Depths:3 | Gained mutation: You occasionally shout uncontrollably at
                  | your foes. [potion of mutation]
 57140 | Depths:3 | Gained mutation: You are partially covered in slimy green
                  | scales. (AC +2) [potion of mutation]
 57141 | Depths:3 | Lost mutation: Scrolls take you a little longer to read.
                  | [potion of mutation]
 57141 | Depths:3 | Lost mutation: You occasionally shout uncontrollably at
                  | your foes. [potion of mutation]
 57141 | Depths:3 | Lost mutation: You are partially covered in slimy green
                  | scales. (AC +2) [potion of mutation]
 57141 | Depths:3 | Gained mutation: You are frail. (-10% HP) [potion of
                  | mutation]
 57141 | Depths:3 | Gained mutation: You are partially covered in rugged brown
                  | scales. (AC +1, +3% HP) [potion of mutation]
 57141 | Depths:3 | Gained mutation: You are agile. (Dex +2) [potion of
                  | mutation]
 57142 | Depths:3 | Lost mutation: You are frail. (-10% HP) [potion of
                  | mutation]
 57142 | Depths:3 | Gained mutation: Your spells are a little harder to cast,
                  | but a little more powerful. [potion of mutation]
 57142 | Depths:3 | Gained mutation: Your system is resistant to poisons.
                  | (rPois) [potion of mutation]
 57142 | Depths:3 | Gained mutation: You evolve. [potion of mutation]
 57142 | Depths:3 | Gained mutation: You are partially covered in thin metallic
                  | scales. (AC +2) [potion of mutation]
 57208 | Hell     | Entered the Vestibule of Hell
 57208 | Hell     | Noticed Geryon
 57237 | Hell     | Reached skill level 23 in Armour
 57246 | Hell     | Noticed Murray
 57312 | Hell     | Killed Geryon
 57338 | Hell     | Killed Murray
 57605 | Hell     | Found a gateway to the freezing wastes of Cocytus.
 57661 | Hell     | Found a gateway to the decaying netherworld of Tartarus.
 57750 | Hell     | Found a gateway to the ashen valley of Gehenna.
 57842 | Hell     | Found a gateway to the Iron City of Dis.
 57862 | Dis:1    | Entered Level 1 of the Iron City of Dis
 58602 | Dis:7    | Entered Level 7 of the Iron City of Dis
 58872 | Dis:7    | Reached skill level 24 in Armour
 59004 | Dis:7    | Got a steaming hand axe
 59496 | Dis:7    | Identified the +4 staff of Dispater
 59496 | Dis:7    | Noticed Dispater
 59544 | Dis:7    | Killed Dispater
 59556 | Dis:7    | Found the brooch of Shielding {Reflect SH+8}
 59563 | Dis:7    | Got an iridescent battleaxe
 59574 | Dis:7    | Got an iron rune of Zot
 59808 | Coc:1    | Entered Level 1 of Cocytus
 60436 | Coc:4    | HP: 13/287 [blizzard demon/the air (20)]
 60901 | Coc:6    | Reached skill level 25 in Armour
 61464 | Coc:7    | Entered Level 7 of Cocytus
 62505 | Coc:7    | Noticed Antaeus
 62558 | Coc:7    | Killed Antaeus
 62558 | Coc:7    | Reached skill level 26 in Armour
 62622 | Coc:7    | Got an icy rune of Zot
 62888 | Coc:7    | HP: 13/291 [??? (1)]
 63242 | Geh:1    | Entered Level 1 of Gehenna
 63242 | Geh:1    | Found a corrupted altar of Lugonu.
 64189 | Geh:7    | Entered Level 7 of Gehenna
 64439 | Geh:7    | Noticed the Serpent of Hell
 64460 | Geh:7    | Killed the Serpent of Hell
 64513 | Geh:7    | HP: 9/293 [Brimstone Fiend/damnation (31)]
 64640 | Geh:7    | Identified the +7 sceptre of Asmodeus
 64640 | Geh:7    | Noticed Asmodeus
 64654 | Geh:7    | Killed from afar by Asmodeus

Levels and vault maps discovered:
D:1:      minmay_arrival_radiant_lines, layout_basic, minmay_pentomino_p2
D:2:      layout_loops_ring, nicolae_ru_awakened_eye, first_ration,
          serial_co_window_serial, co_window_cross_1,
          co_window_of_opportunity_a, co_window_of_opportunity_a,
          co_window_cross_1, co_window_paths_b, co_window_unsneaky_path_a,
          co_window_broadway_b, co_window_unsneaky_path_d,
          co_window_unsneaky_path_a, co_window_corner_cb, co_window_paths_e,
          glass_columns_a, glass_columns_a, glass_columns_a, glass_columns_c,
          glass_columns_a, chequers_ecumenical_altar_simple,
          minmay_strange_pillars, uniq_terence
D:3:      layout_loops_ring
D:4:      layout_layer_cave, gammafunk_temple_overflow_wave
D:5:      layout_basic, grunt_temple_overflow_diamond, serial_shops,
          shop_statue, lightli_minifort
D:6:      kennysheep_slugbush, layout_cave_pods
D:7:      layout_cave_pools, lemuel_round_altar, fedhas_altar_4, temple_doors_e,
          serial_undead, serial_undead_f, serial_undead_f, serial_undead_f,
          serial_undead_e, serial_undead_c, minmay_parallelograms,
          uniq_crazy_yiuf_cottage, uniq_prince_ribbit1
D:8:      layout_cave_pools, hangedman_little_slice_of_home,
          minmay_misc_feat_cross, minmay_pinched_square
D:9:      layout_irregular_city, grunt_lair_entry_orc_guard_hut
D:10:     layout_layer_cave, orc_david_3
D:11:     layout_long_grid, gammafunk_ghost_spectres, serial_shops, shop,
          kennysheep_mini, shop, nicolae_shop_waterfront, nicolae_benzene_ring,
          hangedman_decor_clover_reticule, serial_bayou_crossing
D:12:     layout_cave_pools, ebering_ghost_rock_garden
D:13:     layout_loops_ring, grunt_vaults_entry_tiered, nicolae_elemental_shop,
          nrook_mini_vaults, st_stairs_7
D:14:     layout_rooms, basic_altar
D:15:     grunt_enter_depths_magical_seal, layout_rooms, gauntlet_entry_generic,
          fountainhead, minmay_misc_feat_alley, minivault_10, uniq_azrael
Temple:   nicolae_temple_great_sept
Lair:1:   layout_cave_pods, serial_forest, infiniplex_forest_diagonal,
          infiniplex_forest_end_1, infiniplex_forest_clump_small,
          infiniplex_forest_clump_double, infiniplex_forest_clump_cross,
          infiniplex_forest_clump_small, infiniplex_forest_clump_tiny,
          chequers_serial_rivers_micro_d, lemuel_centaur_altar, uniq_sonja,
          uniq_urug, uniq_joseph
Lair:2:   layout_regular_city, elwin_shoals_entry_rocks,
          maelrawn_ghost_gauntlet_escape, grunt_forest_large_clearing_hut,
          uniq_erica
Lair:3:   cheibrodos_lair_river_kwai, layout_layer_cave,
          nicolae_quartered_pool_little, grunt_megastairs_1
Lair:4:   layout_loops_ring, spider_nest_entry_rubble, minivault_19,
          columned_hall_lemuel, minmay_shattered_shrine
Lair:5:   layout_cave_pods, minmay_slime_entry_oklob_enclosed,
          nicolae_volcano_entry_lava_flow, minmay_lair_drake_nest,
          lemuel_fruit_tree, serial_bayou_shore_b
Lair:6:   guppyfry_lair_end_dragon, layout_small_grid, serial_bayou_shore_a
Shoals:1: layout_shoals, nicolae_shoals_aquamancer_cove
Shoals:2: layout_shoals, serial_shops, shop, shop_statue, st_shoals_ruin
Shoals:3: layout_shoals, serial_shops, shop
Shoals:4: shoals_end_grunt_ice, layout_shoals, serial_shops, shop
Spider:1: layout_spider_delve, ebering_ghost_disaster_area
Spider:2: nicolae_spider_mines_2
Spider:3: layout_chambers, ebering_ghost_inner_flame, uniq_arachne
Spider:4: johnstein_spider_rune_arachne_lair, gammafunk_ghost_necromancy,
          uniq_roxanne
Slime:1:  layout_caves
Slime:2:  layout_caves, nicolae_slime_round_cave, uniq_dissolution
Slime:3:  layout_caves
Slime:4:  layout_caves
Slime:5
Orc:1:    layout_caves, basic_altar, mines3_lemuel
Orc:2:    pubby_orc_utopia, uniq_rupert, uniq_saint_roka, uniq_maurice
Elf:1:    eino_elf_arrival_altar, layout_gridlike, minmay_elf_annihilation,
          grunt_megastairs_3
Elf:2:    layout_loops_cross
Elf:3:    minmay_elf_hall, layout_geoelf_castle, serial_shops, shop,
          grunt_ministairs_6
Vaults:1: vaults_standard_mumra_enter_the_diamond,
          vaults_standard_mumra_enter_the_diamond,
          ontoclasm_vaults_claustrophobia, v_misc_24, ontoclasm_vaults_tryst,
          vaults_room_semicircle, grunt_vaults_funnel, vaults_room_octagon,
          v_misc_25, nicolae_vaults_border_crossing, vaults_room_pool,
          v_alt_pattern_1, grunt_vaults_diagonal, layout_vaults_omnibox,
          portal_desolation_entry_nicolae_nacl
Vaults:2: v_misc_23, nicolae_vaults_network_s, nicolae_vaults_little_ls,
          nicolae_vaults_little_squares_2, kb_rosetta, vaults_room_semicircle,
          nicolae_vaults_circle_grid_a, nicolae_vaults_shelves_hall,
          nicolae_vaults_yaktaur_gun_rack, vaults_room_semicircle,
          grunt_vaults_bifocal, layout_vaults_omnicross, serial_shops, shop
Vaults:3: v_misc_2, vaults_room_hallway, minmay_crypt_entry_necro_gods,
          ontoclasm_vaults_ring_small, vaults_room_hallway, vaults_dpeg_cross,
          v_pattern_3, v_misc_29, layout_vaults_quadrants, serial_shops, shop,
          uniq_aizul, uniq_xtahua
Vaults:4: vaults_room_octagon, v_misc_25, st_squares, hangedman_vaults_pinch,
          v_pattern_2, nicolae_vaults_rhombus_5, v_misc_15,
          nicolae_vaults_theta, v_misc_27, v_misc_10, vaults_mumra_hex,
          layout_vaults_big_room, serial_shops, bzr_entry_islet
Vaults:5
Depths:1: minmay_roctagon, layout_honeycomb, enter_ziggurat_b,
          cheibriados_altar_1, hell_entry, serial_shops, shop,
          nicolae_transmutations_shop, hangedman_blasphemy, uniq_asterion
Depths:2: minmay_octo_star, layout_cave_pools, rand_demon_pan_entry_4,
          serial_bayou_ford_a, hell_entry, uniq_bai_suzhen
Depths:3: grunt_forest_end_winery, layout_gridlike, pan_entry,
          hangedman_coc_ice_floe, abyss_entry_small_statue_room
Depths:4: kennysheep_snake, layout_gridville, minmay_room_of_horrors,
          grunt_hell_entry_dis_grunt, serial_glass, glass_columns_a,
          glass_columns_a, grunt_megastairs_2, kennysheep_random_hallway,
          infiniplex_staircase_zigzag_2, serial_bayou_shore_b, firewood_loft,
          uniq_jory
Depths:5: grunt_zot_entry_alcove, layout_cave_pools, gammafunk_ghost_icy,
          grunt_hell_horde, serial_shops,
          nicolae_shop_temple_entry_statues_fountains, abyss_entry_crystal,
          uniq_frederick, uniq_enchantress, uniq_boris
Hell
Dis:1:    layout_gridville
Dis:2:    layout_jigsaw
Dis:3:    layout_jigsaw, grunt_dis_stairs_iron_hall
Dis:4:    layout_subdivisions
Dis:5:    layout_regular_city, evilmike_ambush [evilmike_ambush_outer_basic,
          evilmike_ambush_inner_basic]
Dis:6:    layout_subdivisions
Dis:7:    dis_grunt_layers
Geh:1:    layout_gehenna_lava_caves, lemuel_hellish_altar
Geh:2:    layout_gehenna_lava_caves
Geh:3:    layout_gehenna_lava_caves
Geh:4:    layout_gehenna_pools_triple
Geh:5:    layout_gehenna_pools_basic
Geh:6:    layout_gehenna_lava_caves
Geh:7:    geh_grunt_pentagon
Coc:1:    layout_cocytus_water_paths
Coc:2:    layout_ice_bergs
Coc:3:    layout_cocytus_water_paths
Coc:4:    layout_ice_bergs
Coc:5:    layout_ice_bergs
Coc:6:    layout_ice_bergs
Coc:7:    coc_mu

Skill      XL: |  1  2  3  4  5  6  7  8  9 10 11 12 13 14 15 16 17 18 19 20 21 22 23 24 25 26 27 |
---------------+----------------------------------------------------------------------------------+-----
Axes           | 3 4 5 7 8 10 12 13 14 15 16 17 18 | 18.0
Evocations     | 5 6 8 10 | 10.0
Fighting       | 4 6 8 9 11 12 13 14 15 16 17 18 19 20 24 | 24.2
Armour         | 5 7 9 11 13 14 15 17 18 20 21 22 26 | 26.9
Invocations    | 2 5 10 11 13 14 15 | 15.0
Shields        | 5 8 11 14 15 16 17 19 20 21 22 23 24 25 | 25.0
Dodging        | 6 10 12 15 16 18 23 | 23.6

Action                   |  1- 3 |  4- 6 |  7- 9 | 10-12 | 13-15 | 16-18 | 19-21 | 22-24 | 25-27 || total
-------------------------+-------+-------+-------+-------+-------+-------+-------+-------+-------++-------
Melee: War axe           |   111 |   183 |   384 |   825 |   545 |       |       |       |       ||  2048
       Scimitar          |       |       |       |    21 |     8 |       |       |       |       ||    29
       Broad axe         |       |       |       |       |   990 |  2012 |  1178 |  2004 |  5059 || 11243
Throw: Dart              |     2 |     7 |    16 |     6 |       |       |       |       |       ||    31
       Stone             |       |       |    10 |     4 |       |       |       |       |       ||    14
       Throwing net      |       |       |       |     2 |       |       |       |       |       ||     2
       Javelin           |       |       |       |       |       |     7 |       |       |       ||     7
Invok: Minor Destruction |       |       |       |     4 |       |       |       |       |       ||     4
       Lesser Servant of |       |       |       |     6 |     9 |    16 |       |     9 |    23 ||    63
       Greater Servant o |       |       |       |       |     1 |       |     1 |     3 |    12 ||    17
       Major Destruction |       |       |       |       |       |     2 |       |       |     2 ||     4
 Abil: Heal Wounds       |       |     5 |    16 |    16 |     8 |     1 |       |       |    26 ||    72
       Evoke Berserk Rag |       |       |     2 |     1 |       |       |       |       |       ||     3
Evoke: Wand              |       |       |     9 |    13 |     9 |       |       |       |    10 ||    41
       Lamp of fire      |       |       |       |     1 |     1 |     1 |     1 |       |       ||     4
       Phantom mirror    |       |       |       |       |     1 |       |       |       |       ||     1
       Lightning rod     |       |       |       |       |       |     6 |     4 |     1 |     1 ||    12
       Phial of floods   |       |       |       |       |       |       |       |       |     1 ||     1
  Use: Scroll            |       |     8 |    11 |     7 |    18 |     9 |     2 |    15 |    13 ||    83
       Potion            |       |     1 |     3 |     3 |     4 |     1 |     3 |     5 |    25 ||    45
 Stab: Paralysed         |       |       |     5 |    23 |       |       |       |       |     1 ||    29
       Held in net/web   |       |       |       |     2 |       |     3 |       |       |       ||     5
       Distracted        |       |       |       |     1 |     6 |     6 |       |     2 |     9 ||    24
       Confused          |       |       |       |       |     2 |       |       |       |       ||     2
  Eat: Chunk             |     2 |     9 |     9 |    14 |    28 |    21 |    17 |    16 |     6 ||   122
       Ration            |       |       |     1 |     2 |     3 |     3 |     2 |     5 |    12 ||    28
Armor: Scale mail        |    62 |    34 |       |       |       |       |       |       |       ||    96
       Chain mail        |       |    49 |     3 |       |       |       |       |       |       ||    52
       Plate armour      |       |       |   180 |   504 |   514 |   694 |   138 |    36 |       ||  2066
       Skin              |       |       |       |    26 |       |       |       |       |       ||    26
       Crystal plate arm |       |       |       |       |       |       |       |   432 |   950 ||  1382
Dodge: Dodged            |    35 |    41 |    42 |   141 |   196 |   287 |   105 |   299 |   848 ||  1994
Block: Shield            |    61 |    60 |   133 |   370 |   584 |   458 |       |       |       ||  1666
       Large shield      |       |       |       |       |       |  1076 |   850 |  1837 |  4142 ||  7905
       Reflection        |       |       |       |       |       |   134 |   127 |   160 |   137 ||   558
       Rpst.: Scimitar   |       |       |       |     2 |     1 |       |       |       |       ||     3
